[Event "Match Karjakin-Inarkiev 2019"]
[Site "Nazran"]
[Date "2019.08.02"]
[Round "3.1"]
[White "Karjakin, Sergey"]
[Black "Inarkiev, Ernesto"]
[Result "0-1"]
[ECO "B33"]
[WhiteElo "2750"]
[BlackElo "2682"]
[Annotator "RC"]
[PlyCount "86"]
[EventDate "2019.08.02"]
[EventType "match"]
[EventCountry "RUS"]
[SourceTitle "playchess.com"]
[Source "ChessBase"]
[SourceQuality "1"]
[TimeControl "900+10"]

1. e4 c5 2. Nf3 Nc6 3. d4 cxd4 4. Nxd4 Nf6 5. Nc3 e5 6. Ndb5 d6 7. Nd5 Nxd5 8. exd5 Ne7 9. c4 Ng6 10. Qa4 Bd7 11. Qb4 Bf5 12. h4 h5 13. Bg5 Qb8 14. g3 a6 15. Nc3 Be7 16. Be3 O-O 17. Be2 e4 18. Bxh5 Ne5 19. Be2 Qc8 20. Na4 Bd8 21. Qxd6 Nxc4 22. Qf4 Bc7 23. Qg5 f6 24. Qh5 Ne5 25. Rc1 Bg6 26. Qxe5 fxe5 27. O-O Qb8 28. Nc5 Bd6 29. Nd7 Qe8 30. Nxf8 Qxf8 31. Rc3 Rc8 32. Rfc1 Rxc3 33. Rxc3 Qf7 34. Rc8+ Kh7 35. Rd8 Qxd5 36. Bg4 Bf7 37. Bf5+ g6 38. Bg4 Be6 39. Be2 Qc6 40. Bg5 Kg7 41. h5 gxh5 42. Bxh5 Bc5 43. b4 Bxb4 0-1